 Dungeon Crawl Stone Soup version 0.23-a0-655-g3751e1c (webtiles) character file.

56 galech the Skirmisher (level 3, -1/29 HPs)
             Began as a Demonspawn Fighter on Jan 7, 2019.
             Slain by an orc warrior
             ... wielding a +0 glaive
              (5 damage)
             ... on level 2 of the Dungeon.
             The game lasted 00:01:13 (967 turns).

galech the Skirmisher (Demonspawn Fighter)           Turns: 967, Time: 00:01:13

Health: -1/29      AC:  6    Str: 21    XL:     3   Next: 71%
Magic:  3/3        EV:  7    Int:  9    God:
Gold:   96         SH:  9    Dex: 13    Spells: 2/2 levels left

rFire    . . .     SeeInvis .   a - +0 war axe
rCold    . . .     Gourm    .   c - +0 shield
rNeg     . . .     Faith    .   b - +0 scale mail
rPois    .         Spirit   .   (no helmet)
rElec    .         Reflect  .   (no cloak)
rCorr    .         Harm     .   (no gloves)
MR       .....                  (no boots)
Stlth    ..........             (no amulet)
HPRegen  0.09/turn              (no ring)
MPRegen  0.08/turn              (no ring)

@: mighty
A: hooves 1
a: no special abilities


You were on level 2 of the Dungeon.
You were not hungry.

You visited 1 branch of the dungeon, and saw 2 of its levels.

You collected 96 gold pieces.

Inventory:

Hand Weapons
 a - a +0 war axe (weapon)
Armour
 b - a +0 scale mail (worn)
 c - a +0 shield (worn)
Wands
 m - a wand of iceblast (10)
Scrolls
 e - a scroll of remove curse {unknown}
 k - a scroll of enchant weapon {unknown}
 n - a scroll of amnesia {unknown}
 o - a scroll of teleportation {unknown}
 p - a scroll of magic mapping {unknown}
 q - a scroll of blinking {unknown}
Potions
 h - a potion of flight {unknown}
 i - a potion of cancellation {unknown}
 j - a potion of agility {unknown}
 l - a potion of curing {unknown}
Comestibles
 f - 6 rations
 g - 6 chunks of flesh


   Skills:
 + Level 3.3 Fighting
 + Level 2.8 Axes
 + Level 3.1 Armour
 + Level 3.0 Shields


You had 2 spell levels left.
You didn't know any spells.
Your spell library was empty.

Dungeon Overview and Level Annotations

Branches:
Dungeon (2/15)

Altars:
Ru


Innate Abilities, Weirdness & Mutations

You have large cloven feet.


Message History

The orc warrior is severely wounded.
The orc warrior hits you with a +0 glaive!
* * * LOW HITPOINT WARNING * * *
You are too injured to fight recklessly!
You are too injured to fight recklessly!
You are too injured to fight recklessly!
You are too injured to fight recklessly!
You are too injured to fight recklessly!
You are too injured to fight recklessly!
You are too injured to fight recklessly!
You are too injured to fight recklessly!
You are too injured to fight recklessly!
You are too injured to fight recklessly!
You are too injured to fight recklessly!
You are too injured to fight recklessly!
You hit the orc warrior.
You kick the orc warrior, but do no damage.
The orc warrior is severely wounded.
The orc warrior hits you with a +0 glaive.
You die...

######.#..............
#......'..............
###.####.#..........###.
#........#..........###.
.#.#.###..#.......†..##..
..........#.......÷÷.<...
########.##..........###.
#.#####+####### #.
#@#...# #. #o#...# #.
#o#...+ #. #r#...# #.
#og...# #. ###.o.# ...#
..... .r.....


You could see an orc warrior, 2 orcs, a hobgoblin and a rat.

Vanquished Creatures
  An adder (D:2)
  An ooze (D:1)
  3 dart slugs (D:1)
  A leopard gecko (D:1)
  3 bats
  4 giant cockroaches
  3 goblins
  3 hobgoblins (D:1)
  4 jackals (D:2)
  5 frilled lizards (D:1)
  3 kobolds
  4 rats
35 creatures vanquished.

Notes
Turn   | Place    | Note
-------+----------+-------------------------------------------
     0 | D:1      | galech the Demonspawn Fighter began the quest for the Orb.
     0 | D:1      | Reached XP level 1. HP: 18/18 MP: 1/1
   107 | D:1      | Gained mutation: You have large cloven feet. [demonic
                  | ancestry]
   107 | D:1      | Reached XP level 2. HP: 23/24 MP: 2/2
   481 | D:1      | Reached XP level 3. HP: 29/29 MP: 3/3
   826 | D:2      | Found a sacrificial altar of Ru.
   956 | D:2      | Noticed an orc warrior
   967 | D:2      | Slain by an orc warrior

Vault maps used:
D:1:      wander_arrival_lonely_grave
D:2:      nicolae_ru_awakened_eye, minmay_circle_x

Skill      XL: |  1  2 |
---------------+-------+-----
Axes           | 2 |  2.8
Shields        | 3 |  3.0
Armour         | 3 |  3.1
Fighting       | |  3.3

Action                   || total
-------------------------++-------
Melee: War axe           ||    88
       Kick              ||    18
  Use: Potion            ||     1
Armor: Scale mail        ||    48
Dodge: Dodged            ||    26
Block: Shield            ||    49

Table legend:
 A = Non-vault XP
 B = Vault XP
 C = Vault XP percentage of total XP
 D = Non-vault monster count
 E = Vault monster count
 F = Vault count percentage of total count
                 A         B        C        D         E       F
            +---------+---------+-------+---------+---------+-------
      Total |      81 |       0 |   0.0 |      35 |       0 |   0.0
            +---------+---------+-------+---------+---------+-------
        D:1 |      48 |       0 |   0.0 |      23 |       0 |   0.0
        D:2 |      33 |       0 |   0.0 |      12 |       0 |   0.0
            +---------+---------+-------+---------+---------+-------
